 Dungeon Crawl Stone Soup version 0.29-a0-234-g0dae59b3db (webtiles) character file.

Game seed: 12574362208925159378

27 innerfire433 the Skirmisher (level 2, -1/24 HPs)
             Began as a Demonspawn Monk on Mar 2, 2022.
             Was a Priest of Vehumet.
             Succumbed to a scorpion's poison
             ... on level 2 of the Dungeon.
             The game lasted 00:01:58 (1238 turns).

innerfire433 the Skirmisher (Demonspawn Monk)       Turns: 1238, Time: 00:01:58

Health: -1/24      AC: 10    Str: 11    XL:     2   Next: 93%
Magic:  2/2        EV:  2    Int: 11    God:    Vehumet [***...]
Gold:   26         SH:  0    Dex: 15    Spells: 1/1 levels left

rFire   . . .      SeeInvis .   a - +0 mace
rCold   . . .      Faith    .   (no shield)
rNeg    . . .      Spirit   .   d - +0 plate armour
rPois   .          Reflect  .   (no helmet)
rElec   .          Harm     .   (no cloak)
rCorr   .          Rampage  .   (no gloves)
Will    .....                   (no boots)
Stlth   ..........              (no amulet)
HPRegen 1.08/turn               (no ring)
MPRegen 0.08/turn               (no ring)

@: lethally poisoned (-1 -> -4)
A: powered by death 1
a: Renounce Religion


You were on level 2 of the Dungeon.
You worshipped Vehumet.
Vehumet was most pleased with you.
You visited 1 branch of the dungeon, and saw 2 of its levels.

You collected 26 gold pieces.

Inventory:

Hand Weapons
 a - a +0 mace (weapon)
Armour
 b - a +0 robe
 d - a +0 plate armour (worn)
Scrolls
 c - a scroll of enchant armour {unknown}
 e - a scroll of blinking {unknown}
 g - a scroll of fog {unknown}
 i - a scroll of silence {unknown}
 j - a scroll of fear {unknown}
Potions
 f - a potion of attraction {unknown}
 h - a potion of might {unknown}


   Skills:
 + Level 3.2 Fighting
 * Level 3.1 Maces & Flails
 * Level 1.0 Armour
 - Level 2.8 Dodging
 - Level 1.9 Stealth
 * Level 0.0 Spellcasting


You had one spell level left.
You didn't know any spells.
Your spell library contained the following spells:

 Spells                   Type           Power      Damage    Failure   Level
 Stone Arrow              Conj/Erth      0%         3d7       100%        3
 Summon Small Mammal      Summ           0%         N/A       100%        1
 Call Canine Familiar     Summ           0%         N/A       100%        3
 Portal Projectile        Hex/Tloc       0%         N/A       100%        3
 Summon Guardian Golem    Hex/Summ       0%         N/A       100%        3
 Leda's Liquefaction      Hex/Erth       0%         N/A       100%        4


Dungeon Overview and Level Annotations

Branches:
Dungeon (2/15)

Altars:
Vehumet


Innate Abilities, Weirdness & Mutations

You regenerate a little health from kills.


Message History

The scorpion poisons you!
You hit the scorpion.
The scorpion is heavily wounded.
You feel very sick. The scorpion stings you.
The scorpion stings you but does no damage.
You barely miss the scorpion.
The scorpion is heavily wounded.
You feel sick. The scorpion stings you.
You hit the scorpion but do no damage.
The scorpion is heavily wounded.
You feel sick.
The scorpion stings you but does no damage. x2
You are too injured to fight recklessly!
You are too injured to fight recklessly!
You are too injured to fight recklessly!
You hit the scorpion.
The scorpion is heavily wounded.
You feel sick.
The scorpion stings you but does no damage.
You hit the scorpion.
The scorpion is severely wounded.
You feel sick. The scorpion stings you.
* * * LOW HITPOINT WARNING * * *
You are lethally poisoned!
The scorpion poisons you!
The rat twitches its whiskers.
The scorpion stings you.
* * * LOW HITPOINT WARNING * * *
You closely miss the scorpion.
The scorpion is severely wounded.
* * * LOW HITPOINT WARNING * * *
You feel very sick. The scorpion stings you.
* * * LOW HITPOINT WARNING * * *
You sock the scorpion!
You kill the scorpion!
Vehumet accepts your kill.
Vehumet is now aiding your destructive spells.
You die...

.. ######### .#
#.......# .#
#.#####.# .# #.# #.#
.# #.# #.# .# #.# #@#
.# #.# #†# .# ##.##
.r.
.########.#.##.....
.........###.#.....$
#########.#.##.....##
##.###...... ###
########


You could see a rat.

Vanquished Creatures
  A scorpion (D:2)
  An adder (D:2)
  3 endoplasms (D:1)
  A giant cockroach (D:1)
  A goblin (D:2)
  6 hobgoblins
  A kobold (D:1)
  A quokka (D:2)
15 creatures vanquished.

Notes
Turn   | Place    | Note
-------+----------+-------------------------------------------
     0 | D:1      | innerfire433 the Demonspawn Monk began the quest for the
                  | Orb.
     0 | D:1      | Reached XP level 1. HP: 18/18 MP: 1/1
   394 | D:1      | Found a faded altar of an unknown god.
   398 | D:1      | Gained mutation: You regenerate a little health from kills.
                  | [demonic ancestry]
   398 | D:1      | Reached XP level 2. HP: 22/24 MP: 2/2
   405 | D:1      | Prayed at the altar of an unknown god.
   405 | D:1      | Became a worshipper of Vehumet
   405 | D:1      | Reached * piety under Vehumet
   405 | D:1      | Offered knowledge of Freeze by Vehumet.
   405 | D:1      | Reached ** piety under Vehumet
   589 | D:1      | Offered knowledge of Searing Ray by Vehumet.
   968 | D:2      | Offered knowledge of Stone Arrow by Vehumet.
   969 | D:2      | Reached skill level 1 in Armour
  1228 | D:2      | Noticed a scorpion
  1237 | D:2      | HP: 1/24 [scorpion (1)]
  1238 | D:2      | Killed a scorpion
  1238 | D:2      | Reached *** piety under Vehumet
  1238 | D:2      | Succumbed to a scorpion's poison

Illustrated notes

Levels and vault maps discovered:
D:1:      dpeg_arrival_three_bigger_balls, layout_basic,
          dreamdust_ecumenical_altar_hidden_monk_grotto
D:2:      layout_loops_ring, basic_altar, minmay_split_cup_small

Skill      XL: |  1  2 |
---------------+-------+-----
Maces & Flails | 3 |  3.1
Armour         | 1 |  1.0
Fighting       | |  3.2
Dodging        | |  2.8
Stealth        | |  1.9

Action                   || total
-------------------------++-------
Melee: Mace              ||    52
  Use: Scroll            ||     1
 Stab: Sleeping          ||     1
Armor: Robe              ||     3
       Plate armour      ||    28
Dodge: Dodged            ||    10

Table legend: (Time is in decaauts)
 A = Elapsed time spent in this place.
 B = Non-inter-level travel time spent in this place.
 C = Inter-level travel time spent in this place.
 D = Time resting spent in this place.
 E = Time spent auto-exploring this place.
 F = Levels seen in this place.
 G = Mean time per level.
                   A        B        C        D        E       F      G
               +--------+--------+--------+--------+--------+-----+--------+
         Total |   1251 |   1232 |     19 |      0 |   1067 |   2 |  625.5 |
       Dungeon |   1251 |   1232 |     19 |      0 |   1067 |   2 |  625.5 |
               +--------+--------+--------+--------+--------+-----+--------+

Top non-repeatable levels by time:
     D:1: 966 daAuts
     D:2: 285 daAuts
